 Dungeon Crawl Stone Soup version 0.21.1-1-g345015fe64 (webtiles) character file.

41 Gargoyl the Skirmisher (level 3, 0/33 HPs)
             Began as a Centaur Abyssal Knight on July 8, 2018.
             Was a Follower of Lugonu.
             Succumbed to an adder's poison
             ... on level 2 of the Dungeon.
             The game lasted 00:02:55 (966 turns).

Gargoyl the Skirmisher (Centaur Abyssal Knight)      Turns: 966, Time: 00:02:55

Health: 0/33       AC: 10    Str: 14    XL:     3   Next: 32%
Magic:  4/4        EV:  1    Int: 11    God:    Lugonu [*.....]
Gold:   46         SH:  3    Dex:  9    Spells: 2/2 levels left

rFire    . . .     SeeInvis .   a - +1 hand axe
rCold    . . .     Gourm    .   (no shield)
rNeg     . . .     Faith    .   e - +0 plate armour
rPois    .         Spirit   .   (no helmet)
rElec    .         Reflect  +   (no cloak)
rCorr    .         Harm     .   b - +0 pair of gloves
MR       .....                  (no barding)
Stlth    ..........             k - +3 amulet of reflection
HPRegen  0.11/turn              (no ring)
MPRegen  0.09/turn              (no ring)

@: lethally poisoned (0 -> -2), very quick
A: large, hooves 3, deformed body, deterioration 2, speed 2, sense surroundings
1, shaggy fur 1, tough skin 3
a: Depart the Abyss, Renounce Religion


You were on level 2 of the Dungeon.
You worshipped Lugonu.
Lugonu was aware of your devotion.
You were not hungry.

You visited 1 branch of the dungeon, and saw 2 of its levels.
You visited the Abyss 1 time.

You collected 46 gold pieces.

Inventory:

Hand Weapons
 a - a +1 hand axe (weapon)
Missiles
 f - 3 exploding tomahawks (quivered)
Armour
 b - a +0 pair of gloves (worn)
 e - a +0 plate armour (worn)
Jewellery
 k - a +3 amulet of reflection (around neck)
Scrolls
 g - a scroll of identify
Comestibles
 c - 2 rations
 l - a chunk of flesh


   Skills:
 + Level 3.8 Fighting
 + Level 2.0 Axes
 * Level 1.7 Armour
 + Level 0.6 Dodging
 * Level 2.4 Invocations


You had 2 spell levels left.
You didn't know any spells.

Dungeon Overview and Level Annotations

Branches:
Dungeon (2/15)

Altars:
Nemelex Xobeh


Innate Abilities, Weirdness & Mutations

You have hooves in place of feet.
Armour fits poorly on your strangely shaped body.
You cover ground very quickly.
You have extremely tough skin. (AC +3)
Your body often deteriorates upon taking damage.
You passively map a small area around you.
You are covered in fur. (AC +1)


Message History

The adder bites you but does no damage. The adder bites you.
* * * LOW HITPOINT WARNING * * *
You are lethally poisoned!
The adder poisons you!
Unknown command.
You miss the adder.
The adder is severely wounded.
* * * LOW HITPOINT WARNING * * *
You feel sick. The adder bites you but does no damage.
You hit the adder.
The adder is severely wounded.
The adder bites you but does no damage. The adder bites you.
* * * LOW HITPOINT WARNING * * *
Unknown command.
You closely miss the adder.
The adder is severely wounded.
The adder bites you but does no damage.
You miss the adder.
The adder is severely wounded.
You die...

#....# * #....# * #....#
*** #....#### ***,,
#.......# ***,,,* #....##.#
*,,,*** ####†##.# *,***
#..#.#** ****,*****
##@#..,***,**,**,,,
**########S###.#...,,,,,,**
*,.....K..K........<,,,,,,,
*,.......##........**,*,,,,
*,.......*.........,*,*,,,,
*,.................,,,,,,,,
*,..............>..,,,,,,,,
*,.......#.........*,,*,,,,
*,.......#.........,,,,,,,,


You could see an adder and a kobold.

Vanquished Creatures
  An adder (D:2)
  An ooze (D:1)
  11 giant cockroaches (D:2)
  A goblin (D:1)
  2 hobgoblins (D:1)
  3 kobolds (D:1)
  A ball python (D:1)
  A bat (D:2)
  A frilled lizard (D:2)
  3 rats
25 creatures vanquished.

Notes
Turn   | Place    | Note
-------+----------+-------------------------------------------
     0 | Abyss:1  | Gargoyl the Centaur Abyssal Knight began the quest for the Orb.
     0 | Abyss:1  | Reached XP level 1. HP: 19/19 MP: 2/2
   120 | Abyss:2  | Noticed a raiju
   120 | Abyss:2  | Noticed a raiju
   120 | Abyss:2  | Noticed a raiju
   120 | Abyss:2  | Noticed a large abomination
   174 | Abyss:2  | Noticed a worldbinder
   175 | D:1      | Escaped the Abyss
   253 | D:1      | Reached XP level 2. HP: 23/26 MP: 3/3
   538 | D:1      | Found a sparkling altar of Nemelex Xobeh.
   659 | D:1      | Reached * piety under Lugonu
   808 | D:2      | Reached XP level 3. HP: 22/33 MP: 4/4
   947 | D:2      | Gained mutation: Your body sometimes deteriorates upon taking damage. [potion of mutation]
   947 | D:2      | Gained mutation: Your body often deteriorates upon taking damage. [potion of mutation]
   947 | D:2      | Gained mutation: You passively map a small area around you. [potion of mutation]
   947 | D:2      | Gained mutation: You are covered in fur. (AC +1) [potion of mutation]
   963 | D:2      | HP: 1/33 [poisoned by an adder]
   966 | D:2      | Succumbed to an adder's poison

Skill      XL: |  1  2  3 |
---------------+----------+-----
Axes           | 2 |  2.0
Fighting       | |  3.8
Armour         | |  1.7
Dodging        | |  0.6
Invocations    | |  2.4

Action                   || total
-------------------------++-------
Melee: Hand axe          ||    75
       Kick              ||     9
Invok: Depart the Abyss  ||     1
  Use: Potion            ||     3
       Scroll            ||     2
Armor: Plate armour      ||   112
Dodge: Dodged            ||     1
Block: Other             ||     6
